 Dungeon Crawl Stone Soup version 0.26.1-11-gd32895ea62 (webtiles) character file.

Game seed: 7354274409782190767

697 Almogavar the Fighter (level 7, -2/64 HPs)
             Began as a Gnoll Wanderer on May 7, 2021.
             Slain by an orc warrior
             ... wielding a +0 short sword
              (13 damage)
             ... on level 6 of the Dungeon.
             The game lasted 00:09:43 (4194 turns).

Almogavar the Fighter (Gnoll Wanderer)              Turns: 4194, Time: 00:09:44

Health: -2/64      AC:  8    Str: 15    XL:     7   Next: 65%
Magic:  10/10      EV: 11    Int: 17    God:
Gold:   150        SH:  5    Dex: 13    Spells: 11/11 levels left

rFire    . . .     SeeInvis +   a - +2 spear
rCold    . . .     Faith    .   (no shield)
rNeg     . . .     Spirit   .   l - +1 ring mail {rPois}
rPois    +         Reflect  +   (no helmet)
rElec    .         Harm     .   (no cloak)
rCorr    .         Rampage  .   (no gloves)
Will     .....                  g - +0 pair of boots
Stlth    ++........             v - amulet of reflection
HPRegen  0.20/turn              f - ring of poison resistance
MPRegen  0.12/turn              w - ring of see invisible

@: flying
A: distributed training, fangs 1, strong nose
a: no special abilities


You were on level 6 of the Dungeon.
You visited 1 branch of the dungeon, and saw 5 of its levels.

You collected 150 gold pieces.

Inventory:

Hand Weapons
 a - a +2 spear (weapon)
 c - a +0 mace
Missiles
 h - 9 boomerangs
 j - 23 poisoned darts (quivered)
 o - 38 sling bullets
Armour
 g - a +0 pair of boots (worn)
 l - a +1 ring mail of poison resistance (worn)
 u - a +0 plate armour
Jewellery
 f - a ring of poison resistance (left hand)
 v - an amulet of reflection (around neck)
 w - a ring of see invisible (right hand)
Scrolls
 d - 2 scrolls of teleportation
 i - 2 scrolls of amnesia
 k - a scroll of blinking
 s - a scroll of fog {unknown}
 y - a scroll of remove curse {unknown}
Potions
 b - a potion of lignification
 e - 2 potions of curing
 m - a potion of flight
 n - a potion of invisibility
 p - 2 potions of degeneration {unknown}
 q - a potion of magic {unknown}
 r - a potion of cancellation {unknown}
 t - a potion of brilliance {unknown}
 x - a potion of mutation {unknown}


   Skills:
 + Level 9.0 Fighting
 + Level 2.6 Short Blades
 + Level 2.6 Long Blades
 + Level 2.6 Axes
 + Level 3.7 Maces & Flails
 + Level 3.7 Polearms
 + Level 2.6 Staves
 + Level 2.6 Slings
 + Level 2.6 Bows
 + Level 2.6 Crossbows
 + Level 3.7 Throwing
 + Level 3.7 Armour
 + Level 2.6 Dodging
 + Level 3.5 Stealth
 + Level 2.6 Shields
 + Level 2.6 Unarmed Combat
 + Level 2.6 Spellcasting
 + Level 2.1 Conjurations
 + Level 2.1 Hexes
 + Level 2.1 Summonings
 + Level 2.1 Necromancy
 + Level 2.1 Translocations
 + Level 2.1 Transmutations
 + Level 2.1 Fire Magic
 + Level 2.1 Ice Magic
 + Level 2.1 Air Magic
 + Level 2.1 Earth Magic
 + Level 2.1 Poison Magic
 + Level 2.9 Invocations
 + Level 3.7 Evocations


You had 11 spell levels left.
You didn't know any spells.
Your spell library was empty.

Dungeon Overview and Level Annotations

Branches:
Dungeon (4/15)
 Temple: D:4-7

Altars:
Ashenzari
Cheibriados
Elyvilon
Uskayaw


Innate Abilities, Weirdness & Mutations

Your experience applies equally to all skills.
You have very sharp teeth.
Your uncanny sense of smell can sniff out nearby items.


Message History

The orc warrior is lightly wounded.
The orc wizard is no longer moving quickly.
The orc warrior hits you with a +0 short sword!
You closely miss the orc warrior.
You bite the orc warrior, but do no damage.
The orc warrior is lightly wounded.
The orc warrior hits you but does no damage.
The orc wizard casts a spell.
The orc wizard seems to speed up.
You completely miss the orc warrior.
The orc warrior is lightly wounded.
The orc priest begins to cast a cantrip, but forgets the words!
The orc warrior hits you with a +0 short sword!
* * * LOW HITPOINT WARNING * * *
You feel better. The orc warrior closely misses you.
It was a potion of flight.
You feel very buoyant.
You fly up into the air.
The orc warrior hits you with a +0 short sword!
You die...

...###.......#
...###..#.$.#
...###..#...#
....#.5#o...#
....#......##
...._......#
....#......## ##
##..#...##oY###.##
#.###.. ##5oo@..#
#.###.. #..######
#.###.# #..#
#..... #..# ####
.?## #.. #.# F.


You could see an orc warrior (poisoned), an ice beast, an orc priest, an orc
wizard (fast) and a white imp.

Vanquished Creatures
  An orc warrior (D:4)
  A phantom (D:3)
  A hound (D:4)
  A bullfrog skeleton (D:4)
  8 orc wizards
  2 orc priests (D:3)
  9 adders
  An adder skeleton (D:6)
  A worm (D:2)
  4 dart slugs
  6 leopard geckos
  7 orcs
  2 ball pythons (D:3)
  5 bats
  4 giant cockroaches
  6 goblins
  3 hobgoblins
  9 jackals
  A quokka (D:4)
  2 frilled lizards
  7 kobolds
  A leopard gecko skeleton (D:4)
  4 rats
86 creatures vanquished.

Notes
Turn   | Place    | Note
-------+----------+-------------------------------------------
     0 | D:1      | Almogavar the Gnoll Wanderer began the quest for the Orb.
     0 | D:1      | Almogavar set off with the following items: a +2 spear, a
                  | potion of lignification, a +0 mace, a +0 robe
     0 | D:1      | Reached XP level 1. HP: 26/26 MP: 1/1
    82 | D:1      | Reached XP level 2. HP: 5/33 MP: 2/2
   385 | D:1      | Reached XP level 3. HP: 34/38 MP: 3/3
   780 | D:2      | Reached skill level 1 in Invocations
   786 | D:2      | Reached skill level 1 in Short Blades
   786 | D:2      | Reached skill level 1 in Long Blades
   786 | D:2      | Reached skill level 1 in Axes
   786 | D:2      | Reached skill level 1 in Staves
   786 | D:2      | Reached skill level 1 in Slings
   786 | D:2      | Reached skill level 1 in Bows
   786 | D:2      | Reached skill level 1 in Crossbows
   786 | D:2      | Reached skill level 1 in Dodging
   786 | D:2      | Reached skill level 1 in Shields
   786 | D:2      | Reached skill level 1 in Unarmed Combat
   786 | D:2      | Reached skill level 1 in Spellcasting
   984 | D:2      | Reached XP level 4. HP: 45/45 MP: 5/5
  1739 | D:3      | Reached skill level 1 in Conjurations
  1739 | D:3      | Reached skill level 1 in Hexes
  1739 | D:3      | Reached skill level 1 in Summonings
  1739 | D:3      | Reached skill level 1 in Necromancy
  1739 | D:3      | Reached skill level 1 in Translocations
  1739 | D:3      | Reached skill level 1 in Transmutations
  1739 | D:3      | Reached skill level 1 in Fire Magic
  1739 | D:3      | Reached skill level 1 in Ice Magic
  1739 | D:3      | Reached skill level 1 in Air Magic
  1739 | D:3      | Reached skill level 1 in Earth Magic
  1739 | D:3      | Reached skill level 1 in Poison Magic
  1997 | D:3      | Reached XP level 5. HP: 43/51 MP: 5/7
  2520 | D:3      | Reached XP level 6. HP: 57/57 MP: 8/8
  2781 | D:3      | Noticed a phantom
  2842 | D:3      | Killed a phantom
  3435 | D:4      | Found a hide-covered altar of Uskayaw.
  3436 | D:4      | Found a snail-covered altar of Cheibriados.
  3476 | D:4      | Found a white marble altar of Elyvilon.
  3478 | D:4      | Noticed an orc warrior
  3498 | D:4      | Killed an orc warrior
  3499 | D:4      | Reached XP level 7. HP: 38/63 MP: 10/10
  3525 | D:4      | HP: 3/63 [bullfrog skeleton (3)]
  3525 | D:4      | HP: 1/63 [bullfrog skeleton (2)]
  4067 | D:4      | Reached skill level 9 in Fighting
  4167 | D:4      | You fall into a shaft and drop 2 floors!
  4167 | D:6      | Found a broken altar of Ashenzari.
  4194 | D:6      | Slain by an orc warrior

Illustrated notes

Levels and vault maps discovered:
D:1:      mainiacjoe_arrival_reflecting_pool, layout_rooms,
          serial_park_tiny_pond, minmay_heptomino_d4
D:2:      layout_basic
D:3:      layout_loops_corners
D:4:      kennysheep_spiral_hall, layout_loops_ring, elyvilon_altar_5,
          chequers_temple_overflow_statue_of_worship
D:6:      layout_cave_pods, cheibrodos_ashenzari_chains,
          gammafunk_temple_overflow_pools, minmay_temple_entry_gardened_gates

Skill      XL: |  1  2  3  4  5  6  7 |
---------------+----------------------+-----
Invocations    | 1 2 |  2.9
Short Blades   | 1 2 |  2.6
Long Blades    | 1 2 |  2.6
Axes           | 1 2 |  2.6
Staves         | 1 2 |  2.6
Slings         | 1 2 |  2.6
Bows           | 1 2 |  2.6
Crossbows      | 1 2 |  2.6
Dodging        | 1 2 |  2.6
Shields        | 1 2 |  2.6
Unarmed Combat | 1 2 |  2.6
Spellcasting   | 1 2 |  2.6
Conjurations   | 1 2 |  2.1
Hexes          | 1 2 |  2.1
Summonings     | 1 2 |  2.1
Necromancy     | 1 2 |  2.1
Translocations | 1 2 |  2.1
Transmutations | 1 2 |  2.1
Fire Magic     | 1 2 |  2.1
Ice Magic      | 1 2 |  2.1
Air Magic      | 1 2 |  2.1
Earth Magic    | 1 2 |  2.1
Poison Magic   | 1 2 |  2.1
Maces & Flails | 3 |  3.7
Polearms       | 3 |  3.7
Throwing       | 3 |  3.7
Armour         | 3 |  3.7
Evocations     | 3 |  3.7
Stealth        | 3 |  3.5
Fighting       | 9 |  9.0

Action                   |  1- 3 |  4- 6 |  7- 9 || total
-------------------------+-------+-------+-------++-------
Melee: Spear             |    96 |   188 |    72 ||   356
       Bite              |     7 |    14 |    12 ||    33
       Punch             |       |     1 |     3 ||     4
Throw: Dart              |       |     8 |    17 ||    25
       Boomerang         |       |     5 |     2 ||     7
  Use: Scroll            |     4 |     1 |       ||     5
       Potion            |       |       |     3 ||     3
 Stab: Sleeping          |     3 |     7 |     2 ||    12
Armor: Robe              |    12 |       |       ||    12
       Ring mail         |    21 |    49 |    25 ||    95
Dodge: Dodged            |    56 |    71 |    30 ||   157
